 Dungeon Crawl Stone Soup version 0.26-a0-812-g31a745ddcd (webtiles) character file.

Game seed: 14720235227858982992

503 Zenonira the Cudgeller (level 7, 0/60 HPs)
             Began as a Naga Warper on Nov 26, 2020.
             Was an Initiate of Cheibriados.
             Slain by an orc
             ... wielding a +0 club
              (1 damage)
             ... on level 5 of the Dungeon on Nov 27, 2020.
             The game lasted 00:06:53 (5814 turns).

Zenonira the Cudgeller (Naga Warper)                Turns: 5814, Time: 00:06:53

Health: 0/60       AC:  3    Str: 15    XL:     7   Next: 17%
Magic:  10/10      EV: 13    Int: 20    God:    Cheibriados [......]
Gold:   245        SH:  6    Dex: 13    Spells: 10/10 levels left

rFire    . . .     SeeInvis +   i - +2 whip (drain)
rCold    . . .     Faith    .   j - +2 buckler
rNeg     . . .     Spirit   .   w - +0 leather armour
rPois    +         Reflect  .   (no helmet)
rElec    .         Harm     .   (no cloak)
rCorr    .         Rampage  .   (no gloves)
MR       .....                  (no barding)
Stlth    +++.......             (no amulet)
HPRegen  0.20/turn              m - +6 ring of intelligence
MPRegen  0.12/turn              r - +4 ring of evasion

@: attractive, very slow
A: large, see invisible, deformed body, poison resistance, slowness 2, spit
poison 1, AC +2
a: Spit Poison, Bend Time, Renounce Religion


You were on level 5 of the Dungeon.
You worshipped Cheibriados.
Cheibriados was noncommittal.
You visited 2 branches of the dungeon, and saw 6 of its levels.

You collected 245 gold pieces.

Inventory:

Hand Weapons
 a - a +0 mace
 i - a +2 whip of draining (weapon)
Missiles
 e - 5 boomerangs of dispersal (quivered)
 t - 5 boomerangs
 v - 3 poisoned darts
Armour
 b - a +0 leather armour
 j - a +2 buckler (worn)
 w - a +0 leather armour (worn)
Jewellery
 m - a +6 ring of intelligence (left hand)
 r - a +4 ring of evasion (right hand)
 x - an uncursed amulet of magic regeneration {unknown}
Wands
 c - a wand of random effects (39)
 y - a wand of polymorph (7)
Scrolls
 d - 2 scrolls of blinking
 g - 5 scrolls of remove curse
 k - 3 scrolls of identify
 l - 3 scrolls of teleportation
 u - a scroll of immolation {unknown}
Potions
 f - a potion of cancellation
 h - a potion of resistance
 o - 2 potions of might
 p - a potion of flight
 q - a potion of curing
 s - 2 potions of lignification


   Skills:
 - Level 2.0 Fighting
 + Level 5.1 Maces & Flails
 - Level 0.8 Throwing
 - Level 0.7 Armour
 - Level 1.5 Dodging
 - Level 5.0 Stealth
 - Level 3.0 Shields
 - Level 2.0 Spellcasting
   Level 3.0 Translocations
 + Level 2.0 Invocations


You had 10 spell levels left.
You didn't know any spells.
Your spell library contained the following spells:

 Spells                   Type           Power        Failure   Level
 Blink                    Tloc           N/A          9%          2
 Gell's Gravitas          Tloc           ##........   17%         3
 Lesser Beckoning         Tloc           ##........   17%         3
 Teleport Other           Tloc           ##......     17%         3
 Passage of Golubria      Tloc           N/A          50%         4


Dungeon Overview and Level Annotations

Branches:
Dungeon (5/15)             Temple (1/1) D:4

Altars:
Ashenzari
Cheibriados
Dithmenos
Elyvilon
Fedhas
Gozag
Hepliaklqana
Kikubaaqudgha
Makhleb
Qazlal
Ru
Sif Muna
Trog
Uskayaw
Wu Jian
Yredelemnul
The Shining One

Annotations:
D:3 exclusion: orc warrior
D:4 1 runed translucent door, Sigmund; kae's ghost, amateur TeTm


Innate Abilities, Weirdness & Mutations

You cannot wear boots.
Your serpentine skin is tough. (AC +2)
You have supernaturally acute eyesight. (SInv)
Armour fits poorly on your strangely shaped body.
Your system is resistant to poisons. (rPois)
You cover ground very slowly.
You can spit poison.


Message History

You feel better. The worker ant barely misses you.
The orc completely misses you. The orc hits you with a +0 club.
* * * LOW HITPOINT WARNING * * *
You block the worker ant's attack. The orc closely misses you.
You hit the worker ant.
The worker ant is moderately wounded.
The orc closely misses you. The orc hits you with a +0 club.
* * * LOW HITPOINT WARNING * * *
The worker ant closely misses you.
Press: ? - help, v - describe, . - travel
Here: an orc, wielding a +3 short sword The floor.
It was a potion of cancellation.
You feel magically purged. The orc hits you but does no damage.
You block the worker ant's attack. The orc barely misses you.
You block the orc's attack.
It was a potion of attraction.
You feel attractive to monsters. The orc hits you but does no damage.
The worker ant closely misses you. The orc hits you with a +0 club.
You die...

#.#..###.# #..
###..<..#..## ##.. #
#...........###..# #.
....###....###..<.##
... ..# ##.....#
##..... .....
##..##...# ##....
.....
##..###....###....
#...#).##
#........... #..o@.#
#..........# ##.oBo#
#..........# #.....#
..........##
#..................#
...###...####.......#
#..# ##.## ###.....#
##. .# #####.....## #
#> .......<#...
#######.####


You could see a worker ant and 3 orcs.

Vanquished Creatures
  A necrophage (D:3)
  A howler monkey (D:5)
  2 orc wizards
  A hound (D:4)
  2 orc priests
  A bullfrog skeleton (D:3)
  A worker ant (D:4)
  8 adders
  An ooze (D:1)
  2 adder zombies
  A worm (D:2)
  A dart slug (D:2)
  A leopard gecko (D:2)
  13 orcs
  3 ball pythons
  6 bats
  A bat zombie (D:1)
  3 giant cockroaches
  5 goblins
  6 hobgoblins
  7 jackals (D:3)
  5 kobolds
  A quokka (D:2)
  5 frilled lizards
  9 rats
87 creatures vanquished.

Vanquished Creatures (others)
  4 orcs (D:3)
  A giant cockroach (D:3)
5 creatures vanquished.

Grand Total: 92 creatures vanquished

Notes
Turn   | Place    | Note
-------+----------+-------------------------------------------
     0 | D:1      | Zenonira the Naga Warper began the quest for the Orb.
     0 | D:1      | Reached XP level 1. HP: 19/19 MP: 3/3
    20 | D:1      | Reached skill level 1 in Stealth
   200 | D:1      | Reached XP level 2. HP: 13/26 MP: 5/5
   939 | D:1      | Reached XP level 3. HP: 32/32 MP: 6/6
  2010 | D:2      | Reached XP level 4. HP: 39/39 MP: 7/7
  2048 | D:2      | Reached skill level 1 in Shields
  3142 | D:3      | Found a faded altar of an unknown god.
  3182 | D:3      | Found a shimmering blue altar of Sif Muna.
  3182 | D:3      | Found a faded altar of an unknown god.
  3276 | D:3      | Found a faded altar of an unknown god.
  3278 | D:3      | Found an ancient bone altar of Kikubaaqudgha.
  3280 | D:3      | Found a bloodstained altar of Trog.
  3331 | D:3      | Noticed a necrophage
  3356 | D:3      | Killed a necrophage
  3356 | D:3      | Reached skill level 5 in Stealth
  3356 | D:3      | Reached XP level 5. HP: 12/40 MP: 8/8
  3708 | D:3      | Noticed an orc warrior
  3797 | D:3      | Reached XP level 6. HP: 28/47 MP: 9/9
  4021 | D:3      | Found a shadowy altar of Dithmenos.
  4025 | D:3      | Found an opulent altar of Gozag.
  4165 | D:3      | You fall into a shaft and drop 2 floors!
  4165 | D:5      | Entered Level 5 of the Dungeon
  4875 | D:4      | Found a staircase to the Ecumenical Temple.
  4895 | Temple   | Entered the Ecumenical Temple
  5128 | Temple   | Became a worshipper of Cheibriados the Contemplative
  5204 | D:4      | Noticed Sigmund
  5208 | D:4      | Found a runed translucent door.
  5213 | D:4      | Noticed kae's ghost (amateur TeTm)
  5499 | D:4      | Found a basalt altar of Yredelemnul.
  5677 | D:5      | Reached skill level 1 in Invocations
  5677 | D:5      | Reached XP level 7. HP: 46/55 MP: 10/10
  5803 | D:5      | Reached skill level 5 in Maces & Flails
  5811 | D:5      | HP: 2/60 [orc/+0 club (4)]
  5814 | D:5      | Slain by an orc

Illustrated notes

Levels and vault maps discovered:
D:1:      saegor_arrival_fortress, layout_loops_ring, minmay_distorted
D:2:      layout_loops_ring
D:3:      layout_basic, chequers_temple_overflow_minitemple,
          nicolae_overflow_hidden_temple, chequers_ecumenical_altar_twisty,
          lemuel_another_geyser
D:4:      layout_gridville, kennysheep_mini_moat,
          minmay_temple_entry_large_hall, ebering_ghost_sewer_d, serial_rivers,
          chequers_serial_rivers_micro_c, chequers_serial_rivers_micro_c,
          chequers_serial_rivers_small_3, chequers_serial_rivers_small_3,
          chequers_serial_rivers_micro_a, chequers_serial_rivers_small_b,
          uniq_sigmund
D:5:      layout_layer_cave, nicolae_overflow_crystal_walls,
          kennysheep_windowed_goal, uniq_eustachio
Temple:   minmay_temple_curvy_loop

Skill      XL: |  1  2  3  4  5  6  7 |
---------------+----------------------+-----
Stealth        | 1 2 3 5 |  5.0
Maces & Flails | 3 4 5 |  5.1
Shields        | 2 3 |  3.0
Invocations    | 1 2 |  2.0
Fighting       | |  2.0
Throwing       | |  0.8
Armour         | |  0.7
Dodging        | |  1.5
Spellcasting   | |  2.0
Translocations | |  3.0

Action                   |  1- 3 |  4- 6 |  7- 9 || total
-------------------------+-------+-------+-------++-------
Melee: Mace              |    41 |       |       ||    41
       Whip              |    61 |   192 |    13 ||   266
 Abil: Spit Poison       |     4 |     2 |       ||     6
  Use: Scroll            |       |    11 |       ||    11
       Potion            |       |       |     3 ||     3
 Stab: Sleeping          |     3 |    10 |       ||    13
       Distracted        |       |     1 |       ||     1
Armor: Leather armour    |    27 |    20 |     3 ||    50
Dodge: Dodged            |    63 |    70 |    27 ||   160
Block: Buckler           |    12 |    54 |     9 ||    75

Table legend: (Time is in decaauts)
 A = Elapsed time spent in this place.
 B = Non-inter-level travel time spent in this place.
 C = Inter-level travel time spent in this place.
 D = Time resting spent in this place.
 E = Time spent auto-exploring this place.
 F = Levels seen in this place.
 G = Mean time per level.
                   A        B        C        D        E       F      G
               +--------+--------+--------+--------+--------+-----+--------+
         Total |   7271 |   7109 |    162 |   1566 |   4604 |   6 | 1211.8 |
       Dungeon |   6934 |   6829 |    105 |   1566 |   4327 |   5 | 1386.8 |
        Temple |    336 |    279 |     57 |      0 |    276 |   1 |  336.0 |
               +--------+--------+--------+--------+--------+-----+--------+

Top non-repeatable levels by time:
     D:3: 2196 daAuts
     D:1: 1660 daAuts
     D:2: 1435 daAuts
     D:4: 1291 daAuts
     D:5: 351 daAuts
  Temple: 336 daAuts
